 Dungeon Crawl Stone Soup version 0.30-a0-331-g8ab09dc110 (webtiles) character file.

Game seed: 1276356360655528384

765 gruber the Conjurer (level 7, -2/41 HPs)
             Began as an Octopode Conjurer on Oct 29, 2022.
             Was an Initiate of Vehumet.
             Slain by an unseen horror (11 damage)
             ... on level 6 of the Dungeon.
             The game lasted 00:03:54 (4234 turns).

gruber the Conjurer (Octopode Conjurer)             Turns: 4234, Time: 00:03:55

Health: -2/41      AC:  1    Str:  7    XL:     7   Next: 81%
Magic:  8/10       EV: 12    Int: 22    God:    Vehumet [......]
Gold:   161        SH:  5    Dex: 10    Spells: 3/10 levels left

rFire   . . .      SeeInvis .    e - +1 dagger (elec)
rCold   . . .      Faith    .    f - +0 buckler
rNeg    . . .      Spirit   .    (helmet restricted)
rPois   .          Reflect  .    (no amulet)
rElec   .          Harm     .    (no ring)
rCorr   .          Rampage  .    (no ring)
Will    .....                    (no ring)
Stlth   +++.......               (no ring)
HPRegen 0.26/turn                (no ring)
MPRegen 0.12/turn                (no ring)
                                 (no ring)
                                 (no ring)

@: no status effects
A: almost no armour, amphibious, 8 rings, camouflage 1, gelatinous body 1,
(nimble swimmer 1), tentacles
a: Renounce Religion


You were on level 6 of the Dungeon.
You worshipped Vehumet.
Vehumet was noncommittal.
You visited 2 branches of the dungeon, and saw 7 of its levels.

You collected 161 gold pieces.

Inventory:

Hand Weapons
 e - a +1 dagger of electrocution (weapon)
Armour
 f - a +0 buckler (worn)
Jewellery
 o - a ring of flight
 x - a +4 ring of evasion
Wands
 q - a wand of polymorph (9)
Scrolls
 b - 5 scrolls of identify {unknown}
 c - 5 scrolls of teleportation {unknown}
 d - 2 scrolls of immolation {unknown}
 h - a scroll of torment {unknown}
 i - a scroll of vulnerability {unknown}
 j - a scroll of amnesia {unknown}
 n - a scroll of silence {unknown}
 p - a scroll of noise {unknown}
 r - a scroll of blinking {unknown}
 v - a scroll of enchant weapon {unknown}
 w - a scroll of fog {unknown}
 y - a scroll of enchant armour {unknown}
Potions
 a - 2 potions of magic
 g - a potion of attraction {unknown}
 k - a potion of brilliance {unknown}
 l - 2 potions of haste {unknown}
 m - 2 potions of mutation {unknown}
 s - a potion of resistance {unknown}
 t - a potion of degeneration {unknown}
 u - a potion of curing {unknown}
 z - a potion of flight {unknown}


   Skills:
 - Level 2.0 Dodging
 - Level 2.6 Stealth
 - Level 5.0 Shields
 - Level 2.0 Spellcasting
 * Level 7.8 Conjurations


You had 3 spell levels left.
You knew the following spells:

 Your Spells              Type           Power      Damage    Failure   Level
a - Magic Dart            Conj           100%       1d8       1%          1
b - Searing Ray           Conj           72%        2d7       1%          2
c - Iskenderun's Mystic   Conj/Tloc      19%        2d6       34%         4

Your spell library contained the following spells:

 Spells                   Type           Power      Damage    Failure   Level
 Dazzling Flash           Conj/Hex       38%        N/A       11%         3
 Hailstorm                Conj/Ice       19%        3d6       11%         3
 Freeze                   Ice            8%         1d3       17%         1
 Scorch                   Fire           4%         2d5       26%         2
 Frozen Ramparts          Ice            4%         1d1       45%         3
 Kindle Blastsparks       Fire/Tloc/Air  4%         2d10      45%         3
 Portal Projectile        Hex/Tloc       4%         N/A       45%         3
 Tukima's Dance           Hex            2%         N/A       45%         3
 Flame Wave               Conj/Fire      19%        2d7       34%         4
 Fulminant Prism          Conj/Hex       9%         3d7       34%         4
 Fireball                 Conj/Fire      9%         3d6       69%         5
 Blade Hands              Tmut           1%         N/A       99%         5
 Borgnjor's Vile Clutch   Necr/Erth      1%         N/A       99%         5


Dungeon Overview and Level Annotations

Branches:
Dungeon (6/15)             Temple (1/1) D:4

Altars:
Ashenzari
Cheibriados
Dithmenos
Gozag
Kikubaaqudgha
Nemelex Xobeh
Okawaru
Uskayaw
Vehumet
Yredelemnul

Shops:
D:4 [:=!


Innate Abilities, Weirdness & Mutations

You cannot wear most types of armour.
You are amphibious.
You can wear up to eight rings at the same time.
Your skin changes colour to match your surroundings (Stealth+).
Your rubbery body absorbs attacks. (AC +1, EV +1)
((You are camouflaged when in or above water. (Stealth+)))
You have tentacles for arms and can constrict up to eight enemies at once.


Message History

Unknown command.
Magic restored.
HP restored.
You see here a jackal corpse.
Found a stone staircase leading up.
A bullfrog comes into view.
Found 7 gold pieces.
A bullfrog is nearby!
The magic dart hits the bullfrog.
The bullfrog is moderately wounded.
The bullfrog gives a loud, deep croak!
The magic dart hits the bullfrog.
The bullfrog is moderately wounded.
The magic dart hits the bullfrog.
The bullfrog is heavily wounded.
You hit the bullfrog. Lightning courses through the bullfrog!
You kill the bullfrog!
Vehumet accepts your kill.
No target in view!
No target in view!
Something hits you.
Deactivating autopickup; reactivate with Ctrl-A.
Something hits you.
You barely miss something.
Your tentacle-slap misses something.
You block something's attack.
You miss something. Something hits you. Something hits you.
You see here a jackal corpse.
Something hits you.
You swing at nothing.
Something hits you.
You miss something. Something hits you.
* * * LOW HITPOINT WARNING * * *
Casting: Magic Dart (safe; 1% risk of failure)
Confirm with . or Enter, or press ? or * to list all spells.
Aiming: Searing Ray (safe; 1% risk of failure)
Press: ? - help, Shift-Dir - straight line The searing ray hits something. (Press . to maintain the ray.)
Something hits you!
You die...

....$.......#
............+
............#
#...........#
............#
..........#.#
............#
##..$..##.#
#......†@.#
#.....###.......
.....)...
.##...)
......... .# ...
.......... .. .
.....##... !!
..#.. #.....##
#. .< .#


There were no monsters in sight!

Vanquished Creatures
  An ice beast (D:4)
  2 black bears (D:4)
  2 scorpions
  A bullfrog (D:6)
  A necrophage (D:4)
  2 howler monkeys
  An orc priest (D:3)
  An iguana (D:2)
  4 adders
  A worm (D:2)
  A dart slug (D:5)
  7 orcs
  7 endoplasms
  2 giant cockroaches
  6 goblins
  8 hobgoblins
  9 jackals
  3 kobolds
  2 quokkas
  8 ball pythons
  6 bats
  4 frilled lizards
  3 rats
82 creatures vanquished.

Vanquished Creatures (others)
  3 demonic plants (D:2)
  3 fungi
  3 plants (D:2)
  2 withered plants (D:2)
11 creatures vanquished.

Grand Total: 93 creatures vanquished

Notes
Turn   | Place    | Note
-------+----------+-------------------------------------------
     0 | D:1      | gruber the Octopode Conjurer began the quest for the Orb.
     0 | D:1      | Reached XP level 1. HP: 11/11 MP: 3/3
   198 | D:1      | Reached XP level 2. HP: 13/17 MP: 3/5
   825 | D:2      | Reached skill level 5 in Conjurations
   825 | D:2      | Reached XP level 3. HP: 21/21 MP: 1/6
  1059 | D:2      | Reached XP level 4. HP: 27/27 MP: 3/7
  1187 | D:2      | Reached skill level 1 in Shields
  1443 | D:2      | Found a faded altar of an unknown god.
  1505 | D:2      | Got the Papyrus of the Calid Mountains
  1512 | D:2      | Identified the +1 pair of boots of Defiance {Stlth+}
  1711 | D:3      | Found a broken altar of Ashenzari.
  1773 | D:3      | Found a snail-covered altar of Cheibriados.
  1905 | D:3      | Reached XP level 5. HP: 17/31 MP: 8/8
  2770 | D:4      | Noticed a black bear
  2774 | D:4      | Killed a black bear
  2775 | D:4      | Reached XP level 6. HP: 33/36 MP: 9/9
  2866 | D:4      | Found Nefiph's Antique Armour Shoppe.
  2960 | D:4      | Found Dymma's Book Shop.
  2967 | D:4      | Found an iron altar of Okawaru.
  3102 | D:4      | Reached skill level 5 in Shields
  3151 | D:4      | Learned a level 2 spell: Searing Ray
  3156 | D:4      | Learned a level 4 spell: Iskenderun's Mystic Blast
  3171 | D:4      | Found a sparkling altar of Nemelex Xobeh.
  3227 | D:4      | Noticed an ice beast
  3236 | D:4      | HP: 1/36 [ice beast (7)]
  3242 | D:4      | Killed an ice beast
  3419 | D:4      | Reached skill level 6 in Conjurations
  3419 | D:4      | Reached XP level 7. HP: 35/41 MP: 1/10
  3609 | D:4      | Found Coit's Distillery.
  3633 | D:4      | Found a staircase to the Ecumenical Temple.
  3640 | D:4      | Reached skill level 7 in Conjurations
  3648 | Temple   | Entered the Ecumenical Temple
  3681 | Temple   | Became a worshipper of Vehumet
  3753 | D:4      | Found Hapad's Jewellery Shoppe.
  3911 | D:5      | Entered Level 5 of the Dungeon
  3930 | D:5      | Found a hide-covered altar of Uskayaw.
  4055 | D:5      | Noticed a steam dragon
  4234 | D:6      | Slain by an unseen horror

Illustrated notes

Levels and vault maps discovered:
D:1:      tarquinn_simple_flora_water_d, layout_loops_cross
D:2:      layout_basic, serial_corexii_hall, corexii_hall_statues_i,
          chequers_hall_statues_y, shapermc_ecumenical_altar_gd,
          minmay_misc_feat_hallway
D:3:      layout_loops_ring, mainiacjoe_overflow_catwalk_spiral,
          minmay_misc_feat_doors, palyth_stone_intersect,
          chequers_serial_rivers_room_b
D:4:      layout_rooms, mainiacjoe_overflow_24_doors, okawaru_metal_pillars_1_2,
          temple_fountains, serial_shops, kennysheep_mini,
          nicolae_shop_temple_entry_statues_fountains,
          nicolae_inconvenience_store, kennysheep_mini_moat, kennysheep_doodads,
          kennysheep_nub, dk_vineyard_2
D:5:      layout_basic, mainiacjoe_overflow_tiny_flanked,
          mainiacjoe_overflow_boulevard, dreamdust_mushroom_princess,
          uniq_menkaure
D:6:      layout_cave_pools, minmay_door_square, uniq_duvessa,
          uniq_crazy_yiuf_cottage
Temple:   nicolae_temple_god_jail

Skill      XL: |  1  2  3  4  5  6  7 |
---------------+----------------------+-----
Conjurations   | 5 6 7 |  7.8
Shields        | 2 4 5 |  5.0
Dodging        | |  2.0
Stealth        | |  2.6
Spellcasting   | |  2.0

Action                   |  1- 3 |  4- 6 |  7- 9 || total
-------------------------+-------+-------+-------++-------
Melee: Unarmed           |    17 |       |       ||    17
       Tentacles         |     8 |     6 |     3 ||    17
       Constrict         |     5 |     4 |     3 ||    12
       Dagger            |     6 |    29 |    10 ||    45
       Punch             |       |       |     2 ||     2
 Cast: Magic Dart        |    34 |    87 |    23 ||   144
       Searing Ray       |       |     2 |     4 ||     6
 Stab: Sleeping          |       |     1 |       ||     1
Armor: Skin              |     1 |     2 |     1 ||     4
Dodge: Dodged            |    28 |    15 |    14 ||    57
Block: Buckler           |       |     6 |     7 ||    13

Table legend: (Time is in decaauts)
 A = Elapsed time spent in this place.
 B = Non-inter-level travel time spent in this place.
 C = Inter-level travel time spent in this place.
 D = Time resting spent in this place.
 E = Time spent auto-exploring this place.
 F = Levels seen in this place.
 G = Mean time per level.
                   A        B        C        D        E       F      G
               +--------+--------+--------+--------+--------+-----+--------+
         Total |   4234 |   4023 |    211 |     13 |   3532 |   7 |  604.9 |
       Dungeon |   4190 |   3990 |    200 |     13 |   3512 |   6 |  698.3 |
        Temple |     43 |     33 |     10 |      0 |     20 |   1 |   43.0 |
               +--------+--------+--------+--------+--------+-----+--------+

Top non-repeatable levels by time:
     D:3: 1112 daAuts
     D:4: 1097 daAuts
     D:2: 875 daAuts
     D:1: 782 daAuts
     D:6: 164 daAuts
     D:5: 158 daAuts
  Temple: 43 daAuts
